 Dungeon Crawl Stone Soup version 0.31-a0-1591-g515db51633 (webtiles) character file.

Game seed: 16500808478168100982

71 Xavori the Trooper (level 4, -2/42 HPs)
             Began as a Djinni Chaos Knight on Jan 6, 2024.
             Was a Plaything of Xom.
             Slain by Pargi the merfolk (14 damage)
             ... in a sewer.
             The game lasted 00:03:04 (10673 turns).

Xavori the Trooper (Djinni Chaos Knight)           Turns: 10673, Time: 00:03:04

Health: -2/42      AC:  6    Str: 15    XL:     4   Next: 47%
Gold:   156        EV: 12    Int: 12    God:    Xom [......] SH:  0 Dex: 14

rFire   + + +        a - +0 falchion (chaos)
rCold   x . .        (no shield)
rNeg    . . .        b - +2 leather armour
rPois   ∞            (helmet restricted)
rElec   .            n - +0 cloak
rCorr   .            (no gloves)
SInv    .            (boots unavailable)
Will    .....        j - amulet of faith
Stlth   +            (no ring)
HPRegen 0.27/turn    (no ring)
MPRegen 0.00/turn

%: clarity, faith, infuse magic (-3 HP)
@: flying
A: sickness immunity, fire resistance 3, cold vulnerability 1, float, innate
caster, HP casting, extra vitality 1, antennae 1, claws 1, clarity, sense
surroundings 1, robust 2, screaming 1, strong 1, inability to drink after injury
1, inability to read after injury 1, MP-powered wands
a: Renounce Religion


You were in a sewer.
You worshipped Xom.
You were a very special plaything of Xom.
You visited 1 branch of the dungeon, and saw 3 of its levels.
You also visited: Sewer.

You collected 156 gold pieces.

Inventory:

Hand Weapons
 a - a +0 falchion of chaos (weapon)
Armour
 b - a +2 leather armour (worn)
 n - a +0 cloak (worn)
Jewellery
 j - an amulet of faith (around neck)
 l - the ring of Jewouth {MP+9 Int+5}
   (You found it on level 2 of the Dungeon)

   [ring of magical power]

   Int+5:     It affects your intelligence (+5).
   MP+9:      It affects your magic capacity (+9).
Scrolls
 c - a scroll of butterflies
 g - 2 scrolls of revelation {unknown}
 h - 3 scrolls of identify {unknown}
 k - 3 scrolls of teleportation {unknown}
 m - a scroll of brand weapon {unknown}
 p - a scroll of enchant armour {unknown}
Potions
 d - 2 potions of might {unknown}
 e - a potion of degeneration {unknown}
 f - a potion of curing {unknown}
 i - 2 potions of enlightenment {unknown}
 o - a potion of berserk rage {unknown}
 q - 2 potions of haste {unknown}
 r - 2 potions of heal wounds {unknown}
 s - a potion of cancellation {unknown}


   Skills:
 + Level 3.3 Fighting
 + Level 3.0 Long Blades
 + Level 1.7 Armour
 + Level 2.7 Dodging
 * Level 1.4 Spellcasting
 * Level 1.4 Conjurations
 * Level 1.4 Hexes
   Level 0.0 Charms
 * Level 1.4 Summonings
 * Level 1.4 Necromancy
 * Level 1.4 Translocations
   Level 0.0 Transmutations
 * Level 1.4 Fire Magic
 * Level 1.4 Ice Magic
 * Level 1.4 Air Magic
 * Level 1.4 Earth Magic
 * Level 1.4 Alchemy


You knew the following spells:

 Your Spells              Type           Power      Damage    Failure   Level
a - Sandblast             Erth           8%         2d5       21%         1
Your spell library was empty.

Dungeon Overview and Level Annotations

Branches:
Dungeon (3/15)              Sewer (1/1)

Altars:
Dithmenos

Annotations:
Sewer Pargi


Innate Abilities, Weirdness & Mutations

You are immune to sickness and miasma.
You are immune to poison.
Your flesh is almost immune to the effects of heat. (rF+++)
You are vulnerable to cold. (rC-)
You float through the air rather than walking.
You learn spells naturally, not from books.
Your magical power is your life essence.
You have superior vitality. (+4 MHP)
You have a pair of small antennae on your head.
You have sharp fingernails.
You possess an exceptional clarity of mind.
You passively map a small area around you.
You are very robust. (+20% HP)
You occasionally shout uncontrollably at your foes.
Your muscles are strong. (Str +4, Int/Dex -1)
You occasionally lose the ability to drink potions when taking damage.
You occasionally lose the ability to read scrolls when taking damage.
You expend health (3 HP) to strengthen your wands.


Message History

Xom smirks.
You detect nothing.
Pargi bites you but does no damage. Pargi claws you but does no damage. x2
You hit Pargi but do no damage.
Pargi is poisoned.
Pargi bites you but does no damage. Pargi claws you. Pargi barely misses you.
You hit Pargi. You freeze Pargi.
Pargi is lightly wounded.
Pargi bites you! Pargi claws you but does no damage. Pargi barely misses you.
You miss Pargi.
Pargi is lightly wounded.
Pargi bites you.
You feel threatened and lose the ability to drink potions!
Pargi barely misses you. x2
You hit Pargi but do no damage.
Pargi is lightly wounded.
Pargi looks around nervously.
Pargi barely misses you. x3
You hit Pargi but do no damage.
Pargi seems to speed up.
Pargi is lightly wounded.
Pargi bites you.
* * * LOW HITPOINT WARNING * * *
Pargi closely misses you. x2; Pargi bites you.
* * * LOW HITPOINT WARNING * * *
Pargi closely misses you. Pargi claws you but does no damage.
You start resting.
Xom's power touches on a nearby monster.
Pargi evaporates and reforms as a merfolk!
You aren't carrying any items that you can evoke.
Unknown command.
You cannot drink potions in your current state!
You can read scrolls again.
Pargi hits you but does no damage. "This might be better!"
Pargi suddenly stops moving!
You are now a very special plaything of Xom.
You can drink potions again.
Pargi is no longer paralysed.
Pargi attacks as it pursues you! Pargi hits you!
You die...
Xom cackles wildly!

#≈≈≈≈≈≈≈≈≈~###
#≈≈≈≈≈≈≈≈~.# #≈≈≈≈≈≈≈≈w##
#≈≈≈≈≈≈≈≈~.# #####
##≈≈≈≈≈≈≈.#######...#
#≈≈≈≈≈≈≈≈≈~~~~..~~∩.#
#≈≈≈≈≈≈≈≈~#######...#
#≈≈≈≈≈≈≈~# #####
##≈≈≈≈≈≈@## #≈≈≈≈≈≈≈m##
#≈≈≈≈≈≈≈≈~## ##
#≈≈≈≈≈≈≈≈≈.### #.
###≈≈≈≈≈≈≈≈~..## ##.
#≈≈≈≈≈≈≈≈≈≈≈..~## #..
#≈≈≈≈≈≈≈≈≈≈≈≈≈≈~.# #~≈
##≈≈≈≈≈≈≈≈≈≈≈≈≈≈~.## ##.≈
####≈≈≈≈≈≈≈≈≈≈≈≈≈...##~≈≈


You could see Pargi the merfolk and a brain worm (wandering).

Vanquished Creatures
  An adder (D:3)
  A dart slug (D:1)
  A ribbon worm (D:3)
  An orc (D:3)
  7 bats
  4 endoplasms
  6 giant cockroaches
  3 hobgoblins (D:1)
  4 kobolds
  A quokka (D:1)
  10 ball pythons
  8 frilled lizards
  A goblin (D:2)
  3 rats
51 creatures vanquished.

Vanquished Creatures (collateral kills)
  A dart slug (D:3)
  A quokka (D:3)
  A frilled lizard (D:3)
3 creatures vanquished.

Grand Total: 54 creatures vanquished

Notes
Turn   | Place    | Note
-------+----------+-------------------------------------------
     0 | D:1      | Xavori the Djinni Chaos Knight began the quest for the Orb.
     0 | D:1      | Reached XP level 1. HP: 20/20 MP: 0/0
    60 | D:1      | XOM: silly message
   155 | D:1      | XOM: divination: detect items
   270 | D:1      | Reached XP level 2. HP: 25/25 MP: 0/0
   563 | D:1      | Reached XP level 3. HP: 30/30 MP: 0/0
   563 | D:1      | Learned a level 1 spell: Sandblast
   656 | D:1      | XOM: noise
   705 | D:1      | Reached skill level 1 in Spellcasting
   705 | D:1      | Reached skill level 1 in Conjurations
   705 | D:1      | Reached skill level 1 in Hexes
   705 | D:1      | Reached skill level 1 in Summonings
   705 | D:1      | Reached skill level 1 in Necromancy
   705 | D:1      | Reached skill level 1 in Translocations
   705 | D:1      | Reached skill level 1 in Fire Magic
   705 | D:1      | Reached skill level 1 in Ice Magic
   705 | D:1      | Reached skill level 1 in Air Magic
   705 | D:1      | Reached skill level 1 in Earth Magic
   705 | D:1      | Reached skill level 1 in Alchemy
   745 | D:1      | XOM is BORED!
   745 | D:1      | XOM: noise
   840 | D:2      | XOM: divination: magic mapping
   861 | D:1      | XOM: god gift: scroll labelled CEHOYTW ELIUNG {god gift}
  1438 | D:1      | XOM: silly message
  2099 | D:1      | XOM: give mutations
  2099 | D:1      | Gained mutation: Potions are less effective at restoring
                  | your health. [Xom's mischief]
  2099 | D:1      | Gained mutation: You occasionally shout uncontrollably at
                  | your foes. [Xom's mischief]
  2099 | D:1      | Gained mutation: You are dopey. (Int -2) [Xom's mischief]
  2275 | D:1      | XOM: give mutations
  2275 | D:1      | Gained mutation: You possess an exceptional clarity of
                  | mind. [Xom's grace]
  2275 | D:1      | Gained mutation: You are robust. (+10% HP) [Xom's grace]
  2670 | D:1      | XOM: give mutations
  2670 | D:1      | Gained mutation: You have a pair of small antennae on your
                  | head. [Xom's grace]
  2670 | D:1      | Gained mutation: Your muscles are strong. (Str +4, Int/Dex
                  | -1) [Xom's grace]
  2670 | D:1      | Gained mutation: A frigid envelope surrounds you and
                  | freezes all who hurt you. [Xom's grace]
  2670 | D:1      | Gained mutation: You expend health (3 HP) to strengthen
                  | your wands. [Xom's grace]
  2998 | D:1      | XOM is BORED!
  2998 | D:1      | XOM: give mutations
  2998 | D:1      | Lost mutation: Potions are less effective at restoring your
                  | health. [Xom's mischief]
  2998 | D:1      | Lost mutation: A frigid envelope surrounds you and freezes
                  | all who hurt you. [Xom's mischief]
  2998 | D:1      | Lost mutation: You are dopey. (Int -2) [Xom's mischief]
  2998 | D:1      | Gained mutation: You occasionally lose the ability to drink
                  | potions when taking damage. [Xom's mischief]
  3242 | D:1      | XOM: give mutations
  3242 | D:1      | Gained mutation: Your flesh is almost immune to the effects
                  | of heat. (rF+++) [Xom's grace]
  3242 | D:1      | Gained mutation: You passively dampen the noise of your
                  | surroundings. [Xom's grace]
  3495 | D:1      | XOM: give mutations
  3495 | D:1      | Lost mutation: You passively dampen the noise of your
                  | surroundings. [Xom's mischief]
  3495 | D:1      | Lost mutation: Your flesh is almost immune to the effects
                  | of heat. (rF+++) [Xom's mischief]
  3495 | D:1      | Gained mutation: You are somewhat resistant to further
                  | mutation. [Xom's mischief]
  3677 | D:1      | XOM: give mutations
  3677 | D:1      | Gained mutation: You are very robust. (+20% HP) [Xom's
                  | mischief]
  3677 | D:1      | Gained mutation: Your flesh is almost immune to the effects
                  | of heat. (rF+++) [Xom's mischief]
  3677 | D:1      | Gained mutation: You occasionally lose the ability to read
                  | scrolls when taking damage. [Xom's mischief]
  3677 | D:1      | Lost mutation: You are somewhat resistant to further
                  | mutation. [Xom's mischief]
  4149 | D:1      | XOM: silly message
  4310 | D:1      | XOM is BORED!
  6511 | D:1      | XOM: divination: detect creatures
  6704 | D:1      | XOM: silly message
  7216 | D:1      | XOM: scenery: summon butterflies
  7469 | D:1      | XOM is BORED!
  8028 | D:1      | XOM: stat loss: -1 Int (11/12)
  8111 | D:1      | XOM: divination: magic mapping
  9075 | D:1      | XOM: god gift: large cameo amulet {god gift}
  9154 | D:1      | XOM: god gift: inky potion {god gift}
  9545 | D:1      | XOM: cloud trail
  9572 | D:2      | XOM: god gift: 33 gold pieces
  9613 | D:2      | Identified the ring of Jewouth {MP+9 Int+5}
  9621 | D:2      | XOM: smoke on damage
  9681 | D:2      | XOM: god gift: 3 stones
  9704 | D:2      | Identified the +1 hat of the Unseen Realm {-Tele ^Drain
                  | Will+++ SInv}
  9950 | D:2      | XOM: give mutations
  9950 | D:2      | Gained mutation: You passively map a small area around you.
                  | [Xom's grace]
  9950 | D:2      | Gained mutation: You have sharp fingernails. [Xom's grace]
 10096 | D:3      | Found a shadowy altar of Dithmenos.
 10152 | D:3      | Reached XP level 4. HP: 42/42 MP: 0/0
 10273 | D:3      | XOM: cloud trail
 10292 | D:3      | Found a glowing drain.
 10325 | Sewer    | Entered a sewer
 10354 | Sewer    | Noticed Pargi
 10363 | Sewer    | Noticed a brain worm
 10363 | Sewer    | XOM: 3-stop teleportation journey
 10412 | Sewer    | XOM: cast spell 'Fugue of the Fallen'
 10432 | Sewer    | XOM: 4-stop teleportation journey
 10547 | Sewer    | XOM: cleaving
 10654 | Sewer    | XOM: divination: detect items
 10662 | Sewer    | Pargi changed into Pargi the merfolk
 10662 | Sewer    | Noticed Pargi
 10662 | Sewer    | XOM: polymorph Pargi -> Pargi the merfolk
 10666 | Sewer    | XOM: enchant monster (good)
 10673 | Sewer    | Slain by Pargi the merfolk

Illustrated notes

Levels and vault maps discovered:
D:1:      dpeg_arrival_renting, layout_basic
D:2:      layout_rooms, serial_bayou_crossing
D:3:      layout_basic, grunt_dithmenos_smoke,
          mainiacjoe_sewer_entry_somewhere_in_here_1, saegor_snake_ambush
Sewer:    sewer_co_pargi_island

Skill      XL: |  1  2  3 |
---------------+----------+-----
Spellcasting   | 1 |  1.4
Conjurations   | 1 |  1.4
Hexes          | 1 |  1.4
Summonings     | 1 |  1.4
Necromancy     | 1 |  1.4
Translocations | 1 |  1.4
Fire Magic     | 1 |  1.4
Ice Magic      | 1 |  1.4
Air Magic      | 1 |  1.4
Earth Magic    | 1 |  1.4
Alchemy        | 1 |  1.4
Long Blades    | 3 |  3.0
Fighting       | |  3.3
Armour         | |  1.7
Dodging        | |  2.7

Action                     |  1- 3 |  4- 6 || total
---------------------------+-------+-------++-------
  Melee: Falchion          |   108 |    75 ||   183
         Punch             |       |     1 ||     1
    Use: Scroll            |     1 |       ||     1
         Potion            |     1 |       ||     1
   Stab: Distracted        |     1 |       ||     1
         Paralysed         |       |     1 ||     1
 Armour: Leather armour    |    62 |   113 ||   175
  Dodge: Dodged            |    81 |    92 ||   173

Table legend: (Time is in decaauts)
 A = Elapsed time spent in this place.
 B = Non-inter-level travel time spent in this place.
 C = Inter-level travel time spent in this place.
 D = Time resting spent in this place.
 E = Time spent auto-exploring this place.
 F = Levels seen in this place.
 G = Mean time per level.
                   A        B        C        D        E       F      G
               +--------+--------+--------+--------+--------+-----+--------+
         Total |  10701 |  10645 |     56 |   8906 |   1176 |   4 | 2675.2 |
       Dungeon |  10343 |  10287 |     56 |   8785 |   1089 |   3 | 3447.7 |
         Sewer |    357 |    357 |      0 |    121 |     87 |   1 |  357.0 |
               +--------+--------+--------+--------+--------+-----+--------+

Top non-repeatable levels by time:
     D:1: 9465 daAuts
     D:2: 574 daAuts
   Sewer: 357 daAuts
     D:3: 304 daAuts
